 Dungeon Crawl Stone Soup version 0.30-a0-1160-g6e42c06551 (webtiles) character file.

Game seed: 16920481042447701099

17839 marpa the Severer (level 12, -2/101 HPs)
             Began as a Minotaur Fighter on Apr 26, 2023.
             Was the Champion of Hepliaklqana.
             Killed from afar by an ice statue (20 damage)
             ... with a shard of ice
             ... in an ice cave.
             The game lasted 00:34:29 (12373 turns).

marpa the Severer (Minotaur Fighter)               Turns: 12373, Time: 00:34:30

Health: -2/101     AC: 16    Str: 32    XL:     12   Next: 22%
Magic:  11/11      EV:  9    Int:  5    God:    Hepliaklqana [******]
Gold:   1689       SH: 12    Dex: 16    Spells: 11/11 levels left

rFire   + . .        a - +0 war axe
rCold   + . .        c - +0 buckler
rNeg    + . .        D - +0 chain mail
rPois   +            k - -2 hat of the Alchemist {rElec rPois rF+ rC+ rN+ Will+ rMut rCorr}
rElec   +            E - +1 cloak
rCorr   +            l - +0 pair of gloves
SInv    .            b - +0 pair of boots
Will    +....        h - amulet of reflection Stlth
                     F - +6 ring of dexterity
HPRegen 0.36/turn    J - +6 ring of strength
MPRegen 0.12/turn

%: reflection, resist mutation
@: no status effects
A: reduced essence, horns 2, retaliatory headbutt
a: Renounce Religion, Recall Ancestor, Ancestor Identity, Transference, Idealise


You were in an ice cave.
You worshipped Hepliaklqana.
Hepliaklqana was exalted by your worship.
You visited 2 branches of the dungeon, and saw 13 of its levels.
You also visited: Ice Cave.

You collected 1809 gold pieces.
You spent 120 gold pieces at shops.

Inventory:

Hand Weapons
 a - a +0 war axe (weapon)
 K - a +1 battleaxe of freezing
 L - a +1 sling of freezing
Missiles
 y - 7 boomerangs (quivered)
Armour
 b - a +0 pair of boots (worn)
 c - a +0 buckler (worn)
 k - the -2 hat of the Alchemist (worn) {rElec rPois rF+ rC+ rN+ Will+ rMut rCorr}
   (You acquired it on level 5 of the Dungeon)

   rF:        It protects you from fire.
   rC:        It protects you from cold.
   rElec:     It insulates you from electricity.
   rPois:     It protects you from poison.
   rN:        It protects you from negative energy.
   rCorr:     It protects you from acid and corrosion.
   rMut:      It protects you from mutation.
   Will:      It increases your willpower.
 l - a +0 pair of gloves (worn)
 D - a +0 chain mail (worn)
 E - a +1 cloak (worn)
Jewellery
 f - an amulet of faith
 h - an amulet of reflection (around neck)
 n - a +6 ring of intelligence
 w - a ring of see invisible
 F - a +6 ring of dexterity (left hand)
 J - a +6 ring of strength (right hand)
Wands
 o - a wand of paralysis (6)
 p - a wand of digging (3)
 t - a wand of polymorph (8)
 B - a wand of quicksilver (2)
 C - a wand of iceblast (11)
 I - a wand of flame (7)
Scrolls
 g - a scroll of torment
 i - 4 scrolls of amnesia
 j - a scroll of magic mapping
 m - 3 scrolls of teleportation
 u - 3 scrolls of identify
 v - 3 scrolls of fog
 H - a scroll of enchant armour
Potions
 d - 2 potions of might
 e - a potion of haste
 q - 3 potions of brilliance
 r - a potion of resistance
 s - 7 potions of curing
 x - 2 potions of attraction
 z - a potion of mutation {unknown}
 A - a potion of cancellation
 G - 2 potions of degeneration


   Skills:
 + Level 12.6 Fighting
 + Level 16.5 Axes
 + Level 12.6 Armour
 + Level 12.6 Shields


You had 11 spell levels left.
You didn't know any spells.
Your spell library contained the following spells:

 Spells                   Type           Power      Damage    Failure   Level
 Shock                    Conj/Air       0%         1d3       86%         1
 Sting                    Tmut/Pois      0%         1d3       86%         1
 Summon Small Mammal      Summ           0%         N/A       86%         1
 Blink                    Tloc           0%         N/A       94%         2
 Ensorcelled Hibernation  Hex/Ice        0%         N/A       94%         2
 Lesser Beckoning         Tloc           0%         N/A       94%         2
 Momentum Strike          Conj/Tloc      0%         3d8       94%         2
 Passwall                 Tmut/Erth      0%         N/A       94%         2
 Poisonous Vapours        Pois/Air       0%         N/A       94%         2
 Sublimation of Blood     Necr           0%         N/A       94%         2
 Wereblood                Tmut           0%         N/A       94%         2
 Call Canine Familiar     Summ           0%         N/A       99%         3
 Dazzling Flash           Conj/Hex       0%         N/A       99%         3
 Ozocubu's Armour         Ice            0%         N/A       99%         3
 Summon Guardian Golem    Hex/Summ       0%         N/A       99%         3
 Swiftness                Air            0%         N/A       99%         3
 Volatile Blastmotes      Fire/Tloc      0%         2d10      99%         3
 Airstrike                Air            0%         2d(0-16)  100%        4
 Animate Armour           Summ/Erth      0%         N/A       100%        4
 Ice Form                 Ice/Tmut       0%         N/A       100%        4
 Iskenderun's Mystic Bla  Conj/Tloc      0%         2d3       100%        4
 Manifold Assault         Tloc           0%         N/A       100%        4
 Olgreb's Toxic Radiance  Pois           0%         N/A       100%        4
 Blade Hands              Tmut           0%         N/A       100%        5
 Metabolic Englaciation   Hex/Ice        0%         N/A       100%        5
 Iron Shot                Conj/Erth      0%         9d1       100%        6
 Simulacrum               Ice/Necr       0%         N/A       100%        6
 Starburst                Conj/Fire      0%         6d3       100%        6
 Ozocubu's Refrigeration  Ice            0%         4d7       100%        7
 Storm Form               Tmut/Air       0%         N/A       100%        7
 Summon Hydra             Summ           0%         N/A       100%        7
 Chain Lightning          Conj/Air       0%         N/A       100%        9
 Fire Storm               Conj/Fire      0%         5d1       100%        9
 Shatter                  Erth           0%         3d5*      100%        9


Dungeon Overview and Level Annotations

Branches:
Dungeon (12/15)            Temple (0/1) D:5            Lair (1/5) D:11
    Orc (0/2) D:12          IceCv (1/1)

Altars:
Ashenzari
Cheibriados
Fedhas
Gozag
Hepliaklqana
Kikubaaqudgha
Nemelex Xobeh
Okawaru
Sif Muna
Trog
Uskayaw
Vehumet
Xom
Zin

Shops:
D:3 (   D:6 =   D:10 ?

Annotations:
IceCv exclusion: ice statue


Innate Abilities, Weirdness & Mutations

Your life essence is reduced to manifest your ancestor. (-10% HP)
You have a pair of horns on your head.
You reflexively headbutt those who attack you in melee.


Message History

The ice statue gestures.
You slash the ice statue! You headbutt the ice statue!
The ice statue is severely damaged.
You hit the large slime creature.
You barely miss the large slime creature.
The ice beast hits Jaydra.
The ice beast freezes Jaydra.
Jaydra resists.
The large slime creature hits you!!
The ice beast closely misses Jaydra.
Jaydra closely misses the ice beast.
The large slime creature hits you!!
* * * LOW HITPOINT WARNING * * *
You swap places.
You block the ice beast's attack. The ice beast hits you.
* * * LOW HITPOINT WARNING * * *
The ice beast freezes you. You resist.
* * * LOW HITPOINT WARNING * * *
A large slime creature splits.
Okay, then.
You slash the ice beast!
You kill the ice beast!
The ice beast disappears in a puff of smoke!
You completely miss the large slime creature.
You hit the ice statue. You slash the ice beast!
Jaydra barely misses the ice beast.
The ice statue gestures at you.
You block shard of ice... and reflect it back!
The shard of ice hits the ice statue!
The ice statue partially resists.
You block the large slime creature's attack.
The ice beast barely misses you.
Jaydra hits the ice beast with a +0 dagger of draining.
Two slime creatures merge to form a very large slime creature.
Two slime creatures merge to form an enormous slime creature.
Jaydra hits the ice beast with a +0 dagger of draining.
Jaydra drains the ice beast.
The ice statue gestures.
You block the ice beast's attack.
Jaydra casts a spell at the ice beast.
The ice beast appears confused.
Two slime creatures merge to form a titanic slime creature.
The ice statue gestures at you. The shard of ice hits you!!
You partially resist.
You die...

#..##...#....#
#..#...##....
##..#..##....
#..##.##Y..# ###
#..#..##Y.#
##.####.##..##J8#
#...##..#...#R.##
#∩∩.....#..##Y.#
#...##..#..##.@##
##.####.##..#...#
### #..#..##..###
#..##..#....#
##.##..##...#
#..#...#...#
#..##..##..#
##..##.##..#
#...####..#


You could see the friendly Jaydra the hexer, an ice statue, a titanic slime
creature and 3 ice beasts.

Vanquished Creatures
  A quicksilver ooze (IceCv)
  A hydra (D:11)
  Nergalle (D:12)
  4 cyclopes
  Maurice (D:12)
  Joseph (D:7)
  A cane toad (Lair:1)
  A kobold demonologist (D:11)
  An unseen horror zombie (D:9)
  2 trolls
  Prince Ribbit (D:6)
  3 blink frogs (Lair:1)
  4 slime creatures
  A shadow (D:11)
  A culicivora (shapeshifter) (D:12)
  7 yaks
  Grum (D:8)
  4 vampire mosquitoes (D:12)
  A steam dragon (D:10)
  2 water moccasins
  6 orc warriors
  2 great orb of eyes simulacra (IceCv)
  2 ice beasts
  A sky beast (D:7)
  4 wolves (D:8)
  3 ogres
  3 centaurs
  A slime creature simulacrum (IceCv)
  3 kobold brigands
  2 phantoms (D:6)
  2 bullfrogs
  A glowing shapeshifter simulacrum (IceCv)
  2 gnoll sergeants
  A scorpion (D:4)
  14 killer bees
  A vampire bat (D:4)
  9 howler monkeys
  A centaur zombie (D:9)
  4 jellies
  2 centaur skeletons (D:9)
  2 hounds
  7 orc priests
  A gnoll bouda (D:8)
  A sleepcap (D:7)
  2 iguanas
  8 orc wizards
  3 shapeshifter simulacra (IceCv)
  9 adders
  13 gnolls
  3 shadow imps
  3 white imps
  An ufetubus (D:4)
  4 dart slugs
  29 orcs
  7 ball pythons
  9 bats
  7 endoplasms
  5 giant cockroaches
  9 hobgoblins
  2 jackals (D:5)
  21 kobolds
  7 quokkas
  5 frilled lizards
  11 goblins
  7 rats
279 creatures vanquished.

Vanquished Creatures (collateral kills)
  A boulder beetle (D:11)
  An ugly thing (D:11)
  Psyche (D:8)
  A queen bee (shapeshifter) (D:12)
  2 trolls
  2 blink frogs (Lair:1)
  A slime creature (IceCv)
  A shadow (D:11)
  2 yaks (D:11)
  A steam dragon (D:6)
  An acid dragon (D:10)
  2 ice beasts
  A sky beast (D:7)
  An ogre (D:4)
  A centaur (D:9)
  A howler monkey (D:6)
  A jelly (D:7)
  2 orc priests
  A hound (D:5)
  3 iguanas
  2 sleepcaps
  3 orc wizards
  A spectral killer bee (D:9)
  2 adders (D:5)
  5 gnolls
  An ufetubus (D:6)
  6 orcs
  A ball python (D:4)
  2 bats
  A kobold (D:3)
51 creatures vanquished.

Vanquished Creatures (others)
  A slime creature (IceCv)
  3 hexers
  A fungus (Lair:1)
  6 plants (D:11)
11 creatures vanquished.

Grand Total: 341 creatures vanquished

Notes
Turn   | Place    | Note
-------+----------+-------------------------------------------
     0 | D:1      | marpa the Minotaur Fighter began the quest for the Orb.
     0 | D:1      | Reached XP level 1. HP: 19/19 MP: 0/0
    98 | D:1      | Reached XP level 2. HP: 26/27 MP: 1/1
   296 | D:1      | You fall into a shaft and drop 1 floor!
   398 | D:2      | Reached skill level 3 in Axes
   398 | D:2      | Reached XP level 3. HP: 9/33 MP: 2/2
   508 | D:2      | Found a hazy altar of Hepliaklqana.
   528 | D:2      | Became a worshipper of Hepliaklqana the Forgotten
  1262 | D:2      | Reached XP level 4. HP: 41/41 MP: 3/3
  1713 | D:2      | Reached * piety under Hepliaklqana
  1948 | D:3      | Found an ancient bone altar of Kikubaaqudgha.
  2063 | D:3      | Noticed an ogre
  2069 | D:3      | Killed an ogre
  2070 | D:3      | Reached XP level 5. HP: 42/42 MP: 4/4
  2082 | D:3      | Reached skill level 4 in Axes
  2348 | D:3      | Found Huipsod's Antique Weapon Shop.
  2549 | D:3      | Found a faded altar of an unknown god.
  2719 | D:4      | Noticed an ogre
  2744 | D:3      | Killed an ogre
  2745 | D:3      | Reached skill level 5 in Fighting
  2745 | D:3      | Reached skill level 5 in Armour
  2745 | D:3      | Reached skill level 5 in Shields
  2745 | D:3      | Reached XP level 6. HP: 23/50 MP: 5/5
  2972 | D:4      | Reached ** piety under Hepliaklqana
  2977 | D:4      | Reached skill level 5 in Axes
  2977 | D:4      | Remembered your ancestor Jaydra as a hexer
  3095 | D:4      | Reached XP level 7. HP: 55/55 MP: 6/6
  3357 | D:5      | Entered Level 5 of the Dungeon
  3381 | D:5      | Reached skill level 6 in Axes
  3478 | D:5      | Found a staircase to the Ecumenical Temple.
  3726 | D:5      | Identified a scroll of acquirement
  3726 | D:5      | Acquired the -2 hat of the Alchemist {rElec rPois rF+ rC+
                  | rN+ Will+ rMut rCorr}
  3726 | D:5      | Found the -2 hat of the Alchemist {rElec rPois rF+ rC+ rN+
                  | Will+ rMut rCorr}
  3884 | D:5      | Reached skill level 7 in Axes
  4046 | D:6      | Found Guulif's Jewellery Shop.
  4167 | D:6      | Reached XP level 8. HP: 60/63 MP: 7/7
  4357 | D:6      | Reached skill level 8 in Axes
  4401 | D:6      | Noticed Prince Ribbit
  4406 | D:6      | Killed Prince Ribbit
  4407 | D:6      | Reached skill level 9 in Axes
  4543 | D:6      | Reached *** piety under Hepliaklqana
  4799 | D:6      | Reached XP level 9. HP: 72/72 MP: 8/8
  5247 | D:7      | Reached skill level 10 in Axes
  5275 | D:7      | Found a hide-covered altar of Uskayaw.
  5277 | D:7      | Found a blossoming altar of Fedhas.
  5277 | D:7      | Found a hazy altar of Hepliaklqana.
  5280 | D:7      | Found a radiant altar of Vehumet.
  5281 | D:7      | Found a bloodstained altar of Trog.
  5281 | D:7      | Found a shimmering altar of Xom.
  5281 | D:7      | Found a sparkling altar of Nemelex Xobeh.
  5385 | D:7      | Reached **** piety under Hepliaklqana
  5450 | D:7      | Noticed Joseph
  5460 | D:7      | Killed Joseph
  5569 | D:7      | Reached skill level 11 in Axes
  6627 | D:8      | Noticed Psyche
  6634 | D:8      | Killed Psyche
  6783 | D:8      | Noticed Grum
  6788 | D:8      | Killed Grum
  6789 | D:8      | Reached XP level 10. HP: 61/81 MP: 9/9
  6800 | D:8      | Reached skill level 12 in Axes
  7287 | D:9      | Reached skill level 10 in Shields
  7467 | D:9      | Reached ***** piety under Hepliaklqana
  7473 | D:9      | Reached skill level 10 in Fighting
  7473 | D:9      | Reached skill level 10 in Armour
  7879 | D:9      | Reached skill level 13 in Axes
  8526 | D:10     | Entered Level 10 of the Dungeon
  8856 | D:10     | Found Togheid's Magic Scroll Shop.
  8872 | D:10     | Bought a scroll of identify for 24 gold pieces
  8872 | D:10     | Bought a scroll of identify for 24 gold pieces
  8872 | D:10     | Bought a scroll of identify for 24 gold pieces
  8872 | D:10     | Bought a scroll of identify for 24 gold pieces
  8872 | D:10     | Bought a scroll of identify for 24 gold pieces
  9099 | D:10     | Found an opulent altar of Gozag.
  9099 | D:10     | Found a broken altar of Ashenzari.
  9099 | D:10     | Found a shimmering blue altar of Sif Muna.
  9099 | D:10     | Found an iron altar of Okawaru.
  9115 | D:10     | Found a snail-covered altar of Cheibriados.
  9119 | D:10     | Found a glowing silver altar of Zin.
  9564 | D:11     | Noticed a boulder beetle
  9576 | D:11     | Killed a boulder beetle
  9577 | D:11     | Reached skill level 14 in Axes
  9577 | D:11     | Reached XP level 11. HP: 65/90 MP: 10/10
  9603 | D:11     | Noticed a boulder beetle
  9613 | D:11     | Noticed a seven-headed hydra
  9909 | D:11     | Found a staircase to the Lair.
 10292 | D:11     | Noticed a red ugly thing
 10308 | D:11     | Killed a red ugly thing
 10439 | D:11     | Killed a seven-headed hydra
 10466 | D:11     | Reached skill level 15 in Axes
 10790 | D:12     | Noticed Nergalle
 10969 | D:12     | Noticed Maurice
 11001 | D:12     | Killed Maurice
 11102 | D:12     | Killed Nergalle
 11248 | D:12     | Reached ****** piety under Hepliaklqana
 11248 | D:12     | Found a staircase to the Orcish Mines.
 11561 | D:12     | Noticed a two-headed ogre
 11565 | D:12     | Noticed a boulder beetle
 11573 | D:12     | Noticed a harpy
 11586 | D:12     | a harpy changed into a culicivora
 11715 | Lair:1   | Entered Level 1 of the Lair of Beasts
 11728 | Lair:1   | Reached skill level 16 in Axes
 11732 | Lair:1   | Reached XP level 12. HP: 77/101 MP: 11/11
 11813 | Lair:1   | Found a frozen archway.
 11830 | IceCv    | Entered an ice cave
 11865 | IceCv    | Noticed a quicksilver ooze
 11874 | IceCv    | Killed a quicksilver ooze
 12290 | IceCv    | Got the Monograph on the Tundra
 12373 | IceCv    | Killed from afar by an ice statue

Illustrated notes

Levels and vault maps discovered:
D:1:      dpeg_arrival_rooms_c, layout_basic, roderic_lattice_a
D:2:      layout_basic, basic_altar, mrwooster_statue_mirror
D:3:      layout_basic, mainiacjoe_overflow_six_doors_small,
          shapermc_ecumenical_altar_mp_vishouse, serial_shops,
          nicolae_shop_window_shopping, kennysheep_generic_room_13
D:4:      layout_basic, chequers_serial_rivers_micro_e, roderic_batcave,
          minmay_manual_mandibuliform
D:5:      layout_cave_pools, minmay_temple_entry_statues_pillars,
          kennysheep_generic_room_8
D:6:      layout_basic, serial_shops, shop, minmay_circle_x, uniq_prince_ribbit1
D:7:      minmay_recursive_quarters, layout_layer_cave,
          grunt_temple_overflow_open, uniq_joseph
D:8:      layout_basic, uniq_grum, uniq_psyche
D:9:      minmay_goldmine, layout_stronghold, hangedman_weighted_door
D:10:     layout_basic, minmay_overflow_temple_hex, serial_shops,
          nicolae_shop_window_shopping
D:11:     hangedman_cross_stitches, layout_basic, dpeg_oklobed_lair
D:12:     layout_gridville, orc_0_dummy, minmay_mirror_moons_of_madness,
          uniq_maurice, uniq_nergalle, uniq_kirke
Lair:1:   layout_roguey, portal_ice_cave_entry_pillars_2, grunt_megastairs_2,
          lemuel_fruit_fields, lemuel_fruit_tree
IceCv:    ice_cave_hellmonk_azure_passage

Skill      XL: |  1  2  3  4  5  6  7  8  9 10 11 |
---------------+----------------------------------+-----
Fighting       | 4 5 6 7 9 10 12 | 12.6
Shields        | 4 5 6 7 9 11 12 | 12.6
Armour         | 4 5 6 7 9 10 12 | 12.6
Axes           | 3 4 5 7 9 11 14 16 | 16.5

Action                     |  1- 3 |  4- 6 |  7- 9 | 10-12 || total
---------------------------+-------+-------+-------+-------++-------
  Melee: War axe           |    99 |    73 |   224 |   403 ||   799
         Headbutt          |     5 |    13 |    40 |    82 ||   140
 Invoke: Ancestor Identity |       |     1 |       |       ||     1
         Ancestor Life: He |       |     1 |       |       ||     1
         Recall Ancestor   |       |       |       |     2 ||     2
  Evoke: Wand              |       |       |     1 |    13 ||    14
    Use: Potion            |     1 |     4 |     1 |     2 ||     8
         Scroll            |       |     6 |     5 |    12 ||    23
   Stab: Confused          |       |     1 |     4 |     9 ||    14
         Distracted        |       |       |     3 |     4 ||     7
 Armour: Scale mail        |    42 |    26 |    33 |       ||   101
         Skin              |    12 |       |       |       ||    12
         Chain mail        |       |       |    33 |   138 ||   171
  Dodge: Dodged            |    63 |    36 |    57 |   109 ||   265
  Block: Buckler           |    24 |    51 |    97 |   205 ||   377
         Reflection        |       |     4 |     4 |     8 ||    16

Table legend: (Time is in decaauts)
 A = Elapsed time spent in this place.
 B = Non-inter-level travel time spent in this place.
 C = Inter-level travel time spent in this place.
 D = Time resting spent in this place.
 E = Time spent auto-exploring this place.
 F = Levels seen in this place.
 G = Mean time per level.
                   A        B        C        D        E       F      G
               +--------+--------+--------+--------+--------+-----+--------+
         Total |  12381 |  12055 |    326 |    881 |   9142 |  14 |  884.4 |
       Dungeon |  11755 |  11429 |    326 |    694 |   8894 |  12 |  979.6 |
          Lair |    110 |    110 |      0 |      0 |     90 |   1 |  110.0 |
      Ice Cave |    516 |    516 |      0 |    187 |    158 |   1 |  516.0 |
               +--------+--------+--------+--------+--------+-----+--------+

Top non-repeatable levels by time:
     D:7: 1406 daAuts
     D:9: 1388 daAuts
    D:11: 1248 daAuts
     D:2: 1201 daAuts
    D:10: 994 daAuts
     D:3: 952 daAuts
     D:6: 948 daAuts
    D:12: 898 daAuts
     D:8: 787 daAuts
     D:1: 754 daAuts
     D:5: 642 daAuts
     D:4: 532 daAuts
   IceCv: 516 daAuts
  Lair:1: 110 daAuts
